 Dungeon Crawl Stone Soup version 0.30-a0-169-g06f667207d (webtiles) character file.

Game seed: 6518426258984178524

70349 qw the Severer (level 15, -20/96 HPs)
             Began as a Gargoyle Fighter on Sept 29, 2022.
             Was a High Priest of Okawaru.
             Killed from afar by a deep elf knight (33 damage)
             ... with a shard of ice
             ... on level 13 of the Dungeon.
             The game lasted 00:10:00 (20787 turns).

qw the Severer (Gargoyle Fighter)                  Turns: 20787, Time: 00:10:01

Health: -20/96     AC: 37    Str: 27    XL:     15   Next: 33%
Magic:  22/22      EV: 13    Int: 12    God:    Okawaru [*****.]
Gold:   647        SH:  6    Dex: 15    Spells: 14/14 levels left

rFire   + . .      SeeInvis .    z - +1 broad axe (vamp)
rCold   . . .      Faith    .    c - +0 buckler
rNeg    + . .      Spirit   .    x - +0 plate armour {Will+}
rPois   inf        Reflect  .    y - +2 helmet {Int+3}
rElec   +          Harm     .    j - +0 cloak
rCorr   .          Rampage  .    t - +2 pair of gloves
Will    ++...                    k - +1 pair of boots {Stlth+}
Stlth   ..........               u - amulet of the acrobat
HPRegen 0.26/turn                m - +4 ring of evasion
MPRegen 0.18/turn                b - +6 ring of dexterity

@: flying
A: sickness immunity, AC +11, big wings, negative energy resistance 1,
electricity resistance, torment resistance 1, petrification resistance, fire
resistance 1, sense surroundings 1, MP-powered wands
a: Renounce Religion, Heroism, Finesse, Duel


You were on level 13 of the Dungeon.
You worshipped Okawaru.
Okawaru was extremely pleased with you.
You visited 3 branches of the dungeon, and saw 19 of its levels.
You also visited: Gauntlet.

You collected 1460 gold pieces.
You spent 813 gold pieces at shops.


Innate Abilities, Weirdness & Mutations

You are immune to sickness and miasma.
Your stone body is resilient. (AC +11)
You are immune to poison.
Your large and strong wings let you fly.
You resist negative energy. (rN+)
You are resistant to electric shocks. (rElec)
You are resistant to unholy torment.
You are immune to petrification.
Your flesh is heat resistant. (rF+)
You passively map a small area around you.
You expend magic power (3 MP) to strengthen your wands.


   Skills:
 - Level 12.1 Fighting
 - Level 16.0 Axes
 + Level 6.8 Throwing
 - Level 12.0 Armour
 - Level 4.0 Dodging
 - Level 8.0 Shields
 - Level 10.0 Invocations


You had 14 spell levels left.
You didn't know any spells.
Your spell library was empty.

Inventory:

Hand Weapons
 z - a +1 vampiric broad axe (weapon)
 A - a +0 demon whip of venom
Missiles
 h - 20 boomerangs
 v - 2 javelins
 C - 9 silver javelins (quivered)
Armour
 c - a +0 buckler (worn)
 j - a +0 cloak (worn)
 k - a +1 pair of boots of stealth (worn)
 o - the +0 buckler "Iguzoebb" {-Tele rElec rN+++ rCorr}
   (Okawaru gifted it to you on level 3 of the Lair of Beasts)

   rElec:     It insulates you from electricity.
   rN:        It renders you almost immune to negative energy.
   -Tele:     It prevents most forms of teleportation.
   rCorr:     It protects you from acid and corrosion.
 t - a +2 pair of gloves (worn)
 x - a +0 plate armour of willpower (worn)
 y - a +2 helmet of intelligence (worn)
 B - the +1 pair of boots of the Harvest {Harm rF+ rN+ Will+}
   (You found it in a Gauntlet)

   rF:        It protects you from fire.
   rN:        It protects you from negative energy.
   Harm:      It increases damage dealt and taken.
   Will:      It increases your willpower.
 E - the +11 plate armour of Wasted Space {Rampage MP+9 Str+4 Dex-5}
   (You acquired it on level 13 of the Dungeon)

   Str:       It affects your strength (+4).
   Dex:       It affects your dexterity (-5).
   MP:        It affects your magic capacity (+9).
   Rampage:   It bestows one free step when moving towards enemies.
Jewellery
 b - a +6 ring of dexterity (right hand)
 g - a ring of ice
 m - a +4 ring of evasion (left hand)
 u - an amulet of the acrobat (around neck)
Scrolls
 i - 17 scrolls of identify
 p - 2 scrolls of brand weapon
 D - 4 scrolls of teleportation
Potions
 a - a potion of cancellation
 d - 4 potions of might
 e - 6 potions of curing
 f - 3 potions of mutation
 l - 6 potions of lignification
 n - 2 potions of resistance
 q - 4 potions of haste
 r - 3 potions of attraction
 s - 3 potions of magic

Dungeon Overview and Level Annotations

Branches:
Dungeon (13/15)            Temple (1/1) D:4            Lair (5/5) D:8
 Shoals (0/4) Lair:2        Snake (0/4) Lair:3        Slime (0/5) Lair:4
    Orc (0/2) D:10        Gauntlet (visited)
 Vaults: D:13-14

Altars:
Ashenzari
Cheibriados
Dithmenos
Elyvilon
Fedhas
Gozag
Hepliaklqana
Kikubaaqudgha
Makhleb
Nemelex Xobeh
Okawaru
Qazlal
Ru
Sif Muna
Trog
Uskayaw
Vehumet
Wu Jian
Xom
Yredelemnul
Zin
The Shining One
Jiyva

Shops:
D:2 *:   D:5 *   D:10 ?   D:13 ?

Annotations:
D:6 3 runed translucent doors, qw's ghost, amateur GrFi; qw's ghost, novice GrFi
Lair:1 2 transporters
Lair:3 3 runed translucent doors, qw's ghost, journeyman GrFi
Lair:5 1 runed translucent door


Message History

You swing at nothing.
You swing at nothing.
You swing at nothing.
You swing at nothing.
You swing at nothing.
You hear some strange, mumbled words.
A shard of ice appears from out of thin air!
The shard of ice hits you!
You swing at nothing.
You swing at nothing.
You swing at nothing.
You swing at nothing.
You swing at nothing.
You swing at nothing.
You swing at nothing.
You swing at nothing.
You swing at nothing.
You swing at nothing.
You swing at nothing.
You hear some strange, mumbled words.
A shard of ice appears from out of thin air!
The shard of ice hits you!!
You swing at nothing.
You swing at nothing.
You swing at nothing.
You swing at nothing.
You swing at nothing.
You swing at nothing.
You swing at nothing.
You hear some strange, mumbled words.
A shard of ice appears from out of thin air!
The shard of ice hits you!
You swing at nothing.
You swing at nothing.
You swing at nothing.
You swing at nothing.
You hear some strange, mumbled words.
A shard of ice appears from out of thin air!
The shard of ice hits you!!
You die...

.....................#
.....................#,,
* .....................#
.#######.............#
.......###%...######## ,
, .....#.###....###....#
....#..##......#.....#,*
,, *
...#...##......#.....# *
, , ..#....##......#@...#
*
.#.....##......#..~~#*###
#.......#......#.~~~#...#
,
..##...##.......~~~~{...+
#.##...##.......~~~~....#
....#..##.......~~~~#####
#.......#..##...~~~~#
........#..##....~~~#* *
* #...................+ }


There were no monsters in sight!

Vanquished Creatures
  Gastronok (D:9)
  Nessos (D:13)
  A minotaur (Gauntlet)
  Snorg (D:11)
  A fire dragon (Lair:5)
  Josephine (Lair:3)
  Fannar (D:10)
  4 hydras
  2 vault guards (D:13)
  Erolcha (D:11)
  2 centaur warriors
  12 death yaks
  Erica (D:9)
  Urug (Lair:2)
  2 boulder beetles
  Sonja (D:11)
  Amaemon (Lair:3)
  A skeletal warrior (D:7)
  2 lindwurms (Lair:5)
  A swamp dragon (Lair:5)
  Pikel (D:7)
  A deep elf pyromancer (D:7)
  2 necromancers (Gauntlet)
  3 cyclopes
  3 manticores
  An ugly thing (D:12)
  A merfolk siren (Lair:2)
  4 elephants (Lair:4)
  Joseph (D:9)
  7 torpor snails
  A gargoyle (D:10)
  A black mamba (Lair:3)
  Psyche (D:9)
  8 cane toads
  A rime drake (Lair:5)
  2 kobold demonologists (D:12)
  A yaktaur (D:13)
  An orange demon (Lair:3)
  9 komodo dragons
  2 trolls
  3 tyrant leeches (Lair:5)
  3 polar bears
  6 hornets (Lair:5)
  17 blink frogs
  15 slime creatures
  6 dream sheep (Lair:5)
  6 wraiths
  A shadow (D:11)
  A vampire (D:11)
  6 wyverns
  4 basilisks
  68 yaks
  4 steam dragons
  11 vampire mosquitoes
  4 nagas (Lair:3)
  2 swamp worms (Gauntlet)
  4 acid dragons
  11 water moccasins
  Duvessa (D:5)
  2 ice beasts (D:7)
  3 orc warriors
  A swamp drake (Lair:5)
  3 black bears
  3 ogres
  6 wolves (Gauntlet)
  6 centaurs
  2 lemures (D:7)
  A kobold brigand (D:7)
  17 bullfrogs
  A gnoll sergeant (D:5)
  4 scorpions
  7 wights
  Dowan (D:5)
  7 killer bees (D:9)
  3 howler monkeys
  An electric eel (Lair:3)
  A lava snake (D:13)
  4 hounds
  3 jellies
  10 orc priests
  A gnoll bouda (D:7)
  7 iguanas
  13 orc wizards
  Robin (D:2)
  8 gnolls (D:5)
  9 adders
  3 shadow imps
  A white imp (D:7)
  3 worms
  3 dart slugs
  48 orcs
  9 ball pythons
  5 endoplasms
  3 giant cockroaches
  21 goblins
  8 hobgoblins
  6 jackals (D:3)
  11 kobolds
  2 quokkas
  3 bats
  3 frilled lizards
  9 rats
525 creatures vanquished.

Vanquished Creatures (others)
  A death yak (Gauntlet)
  A swamp worm (Gauntlet)
  24 fungi
  77 plants
103 creatures vanquished.

Grand Total: 628 creatures vanquished

Notes
Turn   | Place    | Note
-------+----------+-------------------------------------------
     0 | D:1      | qw the Gargoyle Fighter began the quest for the Orb.
     0 | D:1      | Reached XP level 1. HP: 14/14 MP: 1/1
     0 | D:1      | 0 ||| qw: Version: 0.2-a-12-gaebbb33
     0 | D:1      | 0 ||| qw: Game counter: 1355
     0 | D:1      | 0 ||| qw: Always use a shield: true
     0 | D:1      | 0 ||| qw: God list: Okawaru
     0 | D:1      | 0 ||| qw: Allow faded altars: false
     0 | D:1      | 0 ||| qw: Do Orc after D:15 true
     0 | D:1      | 0 ||| qw: Do second Lair branch before Depths: true
     0 | D:1      | 0 ||| qw: Lair rune preference: random
     0 | D:1      | 0 ||| qw: Plans: Normal, Zot:1-4, God:TSO, Crypt, Tomb,
                  | Pan, Slime:5, Hells, Abyss, Orb
     0 | D:1      | 0 ||| PLANNING D:1-11
   176 | D:1      | Reached skill level 2 in Axes
   251 | D:1      | Reached XP level 2. HP: 19/19 MP: 2/2
   590 | D:1      | 590 ||| Stepping ~*~*~tactically~*~*~ (stealth).
   591 | D:1      | 591 ||| Stepping ~*~*~tactically~*~*~ (stealth).
   861 | D:1      | Reached skill level 3 in Axes
   930 | D:1      | 930 ||| READING scroll labelled HINEOP NAJUH.
   931 | D:1      | 931 ||| READING scroll labelled HICRIO UTEVORHO.
   932 | D:1      | 932 ||| READING scroll labelled XUBBAO UTOOSEG.
   933 | D:1      | 933 ||| DRINKING 2 viscous puce potions.
   934 | D:1      | 934 ||| DROPPING potion of brilliance.
  1069 | D:2      | Reached XP level 3. HP: 23/23 MP: 3/3
  1106 | D:2      | 1106 ||| Stepping ~*~*~tactically~*~*~ (hiding).
  1108 | D:2      | 1108 ||| Stepping ~*~*~tactically~*~*~ (hiding).
  1137 | D:2      | Found Meofaag's Assorted Antiques.
  1147 | D:2      | 1147 ||| SHOPLISTING encrusted plate armour (504 gold, have
                  | 96).
  1147 | D:2      | 1147 ||| BUYING runed diamond ring (90 gold).
  1147 | D:2      | Bought a runed diamond ring for 90 gold pieces
  1147 | D:2      | 1147 ||| SHOPLISTING scroll labelled XUMPOFR GUOMM (18
                  | gold, have 6).
  1148 | D:2      | Found Genyefre's Book Shoppe.
  1185 | D:2      | Noticed Robin
  1190 | D:2      | Reached XP level 4. HP: 18/28 MP: 4/4
  1199 | D:2      | Killed Robin
  1200 | D:2      | Reached skill level 4 in Axes
  1501 | D:2      | Found a faded altar of an unknown god.
  1508 | D:2      | 1508 ||| UPGRADING to +0 helmet.
  1513 | D:2      | 1513 ||| UPGRADING to +4 ring of evasion.
  1514 | D:2      | 1514 ||| READING scroll labelled JYFFAE SIOR.
  1515 | D:2      | 1515 ||| READING scroll labelled XIRUSE KUMASUI.
  1516 | D:2      | 1516 ||| READING 2 scrolls of identify.
  1516 | D:2      | 1516 ||| IDENTIFYING fuming amethyst potion
  1517 | D:2      | 1517 ||| DROPPING potion of magic.
  1583 | D:3      | 1583 ||| Stepping ~*~*~tactically~*~*~ (stealth).
  1587 | D:3      | 1587 ||| DROPPING +0 club.
  1612 | D:3      | 1612 ||| Stepping ~*~*~tactically~*~*~ (stealth).
  1815 | D:3      | Reached XP level 5. HP: 28/32 MP: 5/5
  2130 | D:3      | 2130 ||| UPGRADING to +3 chain mail.
  2140 | D:3      | 2140 ||| DROPPING +0 scale mail.
  2141 | D:3      | 2141 ||| UPGRADING to +0 plate armour.
  2151 | D:3      | 2151 ||| DROPPING +3 chain mail.
  2152 | D:3      | 2152 ||| READING scroll labelled XUMPOFR GUOMM.
  2156 | D:3      | 2156 ||| READING scroll labelled METED MOCOIB.
  2157 | D:3      | 2157 ||| READING scroll labelled HIAZICK URGHOAT.
  2158 | D:3      | 2158 ||| READING scroll labelled ATOURI GOCUR.
  2159 | D:3      | 2159 ||| READING 2 scrolls of identify.
  2159 | D:3      | 2159 ||| IDENTIFYING green potion
  2189 | D:4      | Reached skill level 5 in Axes
  2218 | D:4      | Noticed a black bear
  2227 | D:4      | Killed a black bear
  2228 | D:4      | Reached XP level 6. HP: 27/39 MP: 6/6
  2232 | D:4      | 2232 ||| FLEEEEING.
  2234 | D:4      | 2234 ||| FLEEEEING.
  2235 | D:4      | 2235 ||| FLEEEEING.
  2236 | D:4      | 2236 ||| FLEEEEING.
  2237 | D:4      | 2237 ||| FLEEEEING.
  2238 | D:4      | 2238 ||| FLEEEEING.
  2239 | D:4      | 2239 ||| FLEEEEING.
  2241 | D:4      | 2241 ||| FLEEEEING.
  2242 | D:4      | 2242 ||| FLEEEEING.
  2243 | D:4      | 2243 ||| FLEEEEING.
  2244 | D:4      | 2244 ||| FLEEEEING.
  2245 | D:4      | 2245 ||| STAIRDANCE
  2381 | D:4      | Found a staircase to the Ecumenical Temple.
  2382 | D:4      | 2382 ||| PLANNING TEMPLE
  2390 | Temple   | Entered the Ecumenical Temple
  2416 | Temple   | 2416 ||| PLANNING OKAWARU WORSHIP
  2438 | Temple   | Became a worshipper of Warmaster Okawaru
  2439 | Temple   | 2439 ||| PLANNING D:1-11
  2521 | D:4      | 2521 ||| Stepping ~*~*~tactically~*~*~ (hiding).
  2665 | D:4      | 2665 ||| Stepping ~*~*~tactically~*~*~ (stealth).
  2667 | D:4      | 2667 ||| Stepping ~*~*~tactically~*~*~ (stealth).
  2674 | D:4      | 2674 ||| Stepping ~*~*~tactically~*~*~ (hiding).
  2675 | D:4      | 2675 ||| Stepping ~*~*~tactically~*~*~ (hiding).
  2808 | D:4      | 2808 ||| Stepping ~*~*~tactically~*~*~ (hiding).
  2921 | D:4      | 2921 ||| Stepping ~*~*~tactically~*~*~ (stealth).
  3003 | D:4      | 3003 ||| Stepping ~*~*~tactically~*~*~ (stealth).
  3017 | D:4      | Reached skill level 6 in Axes
  3031 | D:4      | Reached XP level 7. HP: 44/44 MP: 7/7
  3117 | D:4      | 3117 ||| Stepping ~*~*~tactically~*~*~ (stealth).
  3156 | D:4      | 3156 ||| Stepping ~*~*~tactically~*~*~ (hiding).
  3759 | D:4      | 3759 ||| UPGRADING to +6 ring of dexterity.
  3760 | D:4      | 3760 ||| READING scroll labelled JAEPRALEANN.
  3761 | D:4      | 3761 ||| DRINKING 2 murky puce potions.
  3761 | D:4      | Gained mutation: You passively map a small area around you.
                  | [potion of mutation]
  3761 | D:4      | Gained mutation: You expend magic power (3 MP) to
                  | strengthen your wands. [potion of mutation]
  3761 | D:4      | Gained mutation: Your flesh is heat resistant. (rF+)
                  | [potion of mutation]
  3762 | D:4      | 3762 ||| DRINKING 2 yellow potions.
  3763 | D:4      | 3763 ||| READING 2 scrolls of identify.
  3763 | D:4      | 3763 ||| IDENTIFYING fuming cyan potion
  3764 | D:4      | 3764 ||| DROPPING potion of degeneration.
  3831 | D:5      | Entered Level 5 of the Dungeon
  3837 | D:5      | HP: 10/44 [ogre/+0 giant club (27)]
  3844 | D:5      | Reached skill level 1 in Dodging
  3844 | D:5      | 3844 ||| STAIRDANCE
  4105 | D:5      | Reached * piety under Okawaru
  4115 | D:5      | 4115 ||| INVOKING Heroism.
  4122 | D:5      | Reached skill level 1 in Invocations
  4136 | D:5      | 4136 ||| Stepping ~*~*~tactically~*~*~ (stealth).
  4137 | D:5      | 4137 ||| Stepping ~*~*~tactically~*~*~ (stealth).
  4158 | D:5      | 4158 ||| Stepping ~*~*~tactically~*~*~ (hiding).
  4162 | D:5      | 4162 ||| INVOKING Heroism.
  4191 | D:5      | 4191 ||| INVOKING Heroism.
  4336 | D:5      | Found Farphatz's Lightly-Used Armoury.
  4348 | D:5      | 4348 ||| BUYING -1 demon whip (140 gold).
  4348 | D:5      | Bought a -1 demon whip for 140 gold pieces
  4348 | D:5      | 4348 ||| Stepping ~*~*~tactically~*~*~ (hiding).
  4352 | D:5      | 4352 ||| INVOKING Heroism.
  4358 | D:5      | Reached skill level 3 in Invocations
  4358 | D:5      | Reached XP level 8. HP: 47/48 MP: 6/10
  4370 | D:5      | 4370 ||| DROPPING +0 flail.
  4432 | D:5      | 4432 ||| INVOKING Heroism.
  4470 | D:5      | Noticed Duvessa
  4470 | D:5      | Noticed Dowan
  4471 | D:5      | 4471 ||| INVOKING Heroism.
  4478 | D:5      | Killed Duvessa
  4479 | D:5      | Reached skill level 7 in Axes
  4479 | D:5      | Killed Dowan
  4497 | D:5      | Found a basalt altar of Yredelemnul.
  4497 | D:5      | Found a white marble altar of Elyvilon.
  4497 | D:5      | Found a sparkling altar of Nemelex Xobeh.
  4497 | D:5      | Found a stormy altar of Qazlal.
  4503 | D:5      | Found a burning altar of Makhleb.
  4503 | D:5      | Found a sacrificial altar of Ru.
  4656 | D:5      | 4656 ||| Stepping ~*~*~tactically~*~*~ (stealth).
  4658 | D:5      | 4658 ||| Stepping ~*~*~tactically~*~*~ (stealth).
  4778 | D:5      | 4778 ||| DROPPING scarf of harm.
  4779 | D:5      | 4779 ||| UPGRADING to amulet of the acrobat.
  4784 | D:5      | 4784 ||| READING scroll labelled KULOMOMENKI.
  4785 | D:5      | 4785 ||| DRINKING 2 dark potions.
  4786 | D:5      | 4786 ||| READING 4 scrolls of identify.
  4786 | D:5      | 4786 ||| IDENTIFYING inky potion
  4787 | D:5      | 4787 ||| READING 3 scrolls of identify.
  4787 | D:5      | 4787 ||| IDENTIFYING gluggy blue potion
  4788 | D:5      | 4788 ||| READING 2 scrolls of identify.
  4788 | D:5      | 4788 ||| IDENTIFYING viscous golden potion
  4789 | D:5      | 4789 ||| DROPPING potion of flight.
  4790 | D:5      | 4790 ||| DROPPING potion of ambrosia.
  4910 | D:6      | 4910 ||| Stepping ~*~*~tactically~*~*~ (hiding).
  4912 | D:6      | 4912 ||| INVOKING Heroism.
  4914 | D:6      | 4914 ||| DRINKING potion of curing.
  4914 | D:6      | 4914 ||| (to cure confusion)
  4922 | D:6      | Reached ** piety under Okawaru
  4978 | D:6      | 4978 ||| INVOKING Heroism.
  4991 | D:6      | Reached skill level 8 in Axes
  5212 | D:6      | 5212 ||| Stepping ~*~*~tactically~*~*~ (stealth).
  5213 | D:6      | 5213 ||| Stepping ~*~*~tactically~*~*~ (stealth).
  5249 | D:6      | 5249 ||| Stepping ~*~*~tactically~*~*~ (hiding).
  5387 | D:6      | Reached skill level 6 in Fighting
  5454 | D:6      | Reached XP level 9. HP: 55/55 MP: 12/12
  5641 | D:6      | Found a runed translucent gate.
  5642 | D:6      | Found a runed translucent gate.
  5643 | D:6      | Found a runed translucent gate.
  5644 | D:6      | Noticed qw's ghost (novice GrFi)
  5644 | D:6      | Noticed qw's ghost (novice GrFi)
  5645 | D:6      | Noticed qw's ghost (novice GrFi)
  5645 | D:6      | Noticed qw's ghost (amateur GrFi)
  5711 | D:6      | 5711 ||| INVOKING Heroism.
  5914 | D:6      | 5914 ||| UPGRADING to +0 cloak.
  5919 | D:6      | 5919 ||| READING 2 scrolls labelled XUYCUCOFAWO.
  5920 | D:6      | 5920 ||| READING 2 scrolls of identify.
  5920 | D:6      | 5920 ||| IDENTIFYING clear potion
  5921 | D:6      | 5921 ||| DROPPING scroll of vulnerability.
  5940 | D:7      | 5940 ||| INVOKING Heroism.
  5978 | D:7      | Noticed a troll
  5979 | D:7      | 5979 ||| INVOKING Heroism.
  5991 | D:7      | Killed a troll
  6020 | D:7      | Noticed a deep elf pyromancer
  6025 | D:7      | Reached skill level 1 in Throwing
  6027 | D:7      | 6027 ||| Stepping ~*~*~tactically~*~*~ (hiding).
  6028 | D:7      | 6028 ||| Stepping ~*~*~tactically~*~*~ (hiding).
  6048 | D:7      | 6048 ||| INVOKING Heroism.
  6058 | D:7      | HP: 13/55 [fire elemental[a deep elf pyromancer] (1)]
  6059 | D:7      | 6059 ||| READING scroll of teleportation.
  6060 | D:7      | 6060 ||| DRINKING potion of heal wounds.
  6377 | D:7      | 6377 ||| Stepping ~*~*~tactically~*~*~ (stealth).
  6379 | D:7      | 6379 ||| Stepping ~*~*~tactically~*~*~ (hiding).
  6381 | D:7      | 6381 ||| Stepping ~*~*~tactically~*~*~ (hiding).
  6393 | D:7      | 6393 ||| INVOKING Heroism.
  6399 | D:7      | Killed a deep elf pyromancer
  6399 | D:7      | Reached *** piety under Okawaru
  6400 | D:7      | Reached skill level 9 in Axes
  6549 | D:7      | 6549 ||| Stepping ~*~*~tactically~*~*~ (stealth).
  6551 | D:7      | 6551 ||| Stepping ~*~*~tactically~*~*~ (hiding).
  6959 | D:7      | 6959 ||| INVOKING Heroism.
  6971 | D:7      | 6971 ||| Stepping ~*~*~tactically~*~*~ (stealth).
  6975 | D:7      | Reached skill level 6 in Armour
  6988 | D:7      | 6988 ||| Stepping ~*~*~tactically~*~*~ (stealth).
  6995 | D:7      | 6995 ||| INVOKING Heroism.
  7001 | D:7      | 7001 ||| Stepping ~*~*~tactically~*~*~ (stealth).
  7009 | D:7      | Reached XP level 10. HP: 60/63 MP: 11/13
  7038 | D:7      | 7038 ||| Stepping ~*~*~tactically~*~*~ (stealth).
  7040 | D:7      | 7040 ||| Stepping ~*~*~tactically~*~*~ (stealth).
  7055 | D:7      | 7055 ||| Stepping ~*~*~tactically~*~*~ (stealth).
  7089 | D:7      | Found a blossoming altar of Fedhas.
  7107 | D:7      | 7107 ||| Stepping ~*~*~tactically~*~*~ (stealth).
  7122 | D:7      | Reached skill level 10 in Axes
  7155 | D:7      | 7155 ||| FLEEEEING.
  7156 | D:7      | 7156 ||| FLEEEEING.
  7157 | D:7      | 7157 ||| FLEEEEING.
  7160 | D:7      | 7160 ||| FLEEEEING.
  7164 | D:7      | 7164 ||| INVOKING Heroism.
  7187 | D:7      | 7187 ||| INVOKING Heroism.
  7260 | D:7      | 7260 ||| Stepping ~*~*~tactically~*~*~ (stealth).
  7267 | D:7      | Reached **** piety under Okawaru
  7305 | D:7      | 7305 ||| Stepping ~*~*~tactically~*~*~ (stealth).
  7341 | D:7      | 7341 ||| INVOKING Heroism.
  7346 | D:7      | 7346 ||| Stepping ~*~*~tactically~*~*~ (hiding).
  7355 | D:7      | HP: 15/64 [orc priest/nerve-wracking pain (5)]
  7381 | D:7      | Noticed a manticore
  7382 | D:7      | 7382 ||| INVOKING Heroism.
  7386 | D:7      | HP: 12/64 [manticore (16)]
  7387 | D:7      | HP: 3/64 [manticore (13)]
  7389 | D:7      | Killed a manticore
  7589 | D:7      | 7589 ||| INVOKING Heroism.
  7609 | D:7      | Noticed a skeletal warrior
  7619 | D:7      | 7619 ||| INVOKING Heroism.
  7633 | D:7      | HP: 13/64 [skeletal warrior/+4 spectral quarterstaff (11)]
  7640 | D:7      | Killed a skeletal warrior
  7641 | D:7      | Reached skill level 6 in Invocations
  7790 | D:7      | 7790 ||| INVOKING Heroism.
  8055 | D:7      | 8055 ||| DROPPING scarf of invisibility.
  8056 | D:7      | 8056 ||| DROPPING scarf of shadows.
  8057 | D:7      | 8057 ||| UPGRADING to +0 plate armour of willpower.
  8067 | D:7      | 8067 ||| DROPPING +0 plate armour.
  8068 | D:7      | 8068 ||| UPGRADING to +2 helmet of intelligence.
  8078 | D:7      | 8078 ||| DROPPING +0 helmet.
  8079 | D:7      | 8079 ||| READING scroll labelled RAESCH QECUPP.
  8141 | D:7      | 8141 ||| DRINKING 3 black potions.
  8168 | D:7      | 8168 ||| READING 2 scrolls of identify.
  8168 | D:7      | 8168 ||| IDENTIFYING glowing dark potion
  8179 | D:8      | 8179 ||| STAIRDANCE
  8187 | D:8      | 8187 ||| STAIRDANCE
  8219 | D:8      | Noticed a cyclops
  8220 | D:8      | 8220 ||| STAIRDANCE
  8228 | D:8      | 8228 ||| INVOKING Heroism.
  8231 | D:8      | 8231 ||| STAIRDANCE
  8239 | D:7      | Killed a cyclops
  8239 | D:7      | Reached ***** piety under Okawaru
  8254 | D:8      | 8254 ||| STAIRDANCE
  8269 | D:8      | Noticed Pikel
  8272 | D:8      | 8272 ||| STAIRDANCE
  8286 | D:8      | 8286 ||| STAIRDANCE
  8290 | D:7      | Killed Pikel
  8291 | D:7      | Reached XP level 11. HP: 68/68 MP: 16/16
  8297 | D:8      | 8297 ||| STAIRDANCE
  8339 | D:8      | 8339 ||| STAIRDANCE
  8349 | D:8      | 8349 ||| STAIRDANCE
  8377 | D:8      | 8377 ||| INVOKING Heroism.
  8381 | D:8      | 8381 ||| STAIRDANCE
  8383 | D:7      | Received a gift from Okawaru
  8442 | D:8      | Found a staircase to the Lair.
  8566 | D:8      | Identified the +0 plate armour of the Buccaneer {Harm rPois
                  | Will+ Str+4}
  8726 | D:8      | 8726 ||| Stepping ~*~*~tactically~*~*~ (hiding).
  8730 | D:8      | 8730 ||| INVOKING Heroism.
  9013 | D:8      | 9013 ||| PLANNING LAIR
  9013 | D:8      | 9013 ||| UPGRADING to +0 pair of gloves.
  9018 | D:8      | 9018 ||| DROPPING +6 ring of intelligence.
  9019 | D:8      | 9019 ||| READING scroll labelled PIATIABUENT.
  9051 | Lair:1   | Entered Level 1 of the Lair of Beasts
  9067 | Lair:1   | Noticed a death yak
  9068 | Lair:1   | 9068 ||| INVOKING Heroism.
  9069 | Lair:1   | 9069 ||| INVOKING Finesse.
  9071 | Lair:1   | 9071 ||| Stepping ~*~*~tactically~*~*~ (stealth).
  9099 | Lair:1   | Killed a death yak
  9100 | Lair:1   | Reached skill level 11 in Axes
  9133 | Lair:1   | 9133 ||| INVOKING Heroism.
  9140 | Lair:1   | Reached skill level 9 in Invocations
  9225 | Lair:1   | 9225 ||| INVOKING Heroism.
  9296 | Lair:1   | Noticed a boulder beetle
  9297 | Lair:1   | 9297 ||| INVOKING Heroism.
  9298 | Lair:1   | 9298 ||| INVOKING Finesse.
  9324 | Lair:1   | Killed a boulder beetle
  9408 | Lair:1   | 9408 ||| Stepping ~*~*~tactically~*~*~ (stealth).
  9546 | Lair:1   | 9546 ||| Stepping ~*~*~tactically~*~*~ (stealth).
  9548 | Lair:1   | 9548 ||| Stepping ~*~*~tactically~*~*~ (stealth).
  9550 | Lair:1   | 9550 ||| INVOKING Heroism.
  9559 | Lair:1   | Received a gift from Okawaru
  9720 | Lair:1   | Found a transporter.
  9721 | Lair:1   | Noticed a boulder beetle
  9722 | Lair:1   | Found a transporter.
  9722 | Lair:1   | Noticed a boulder beetle
  9883 | Lair:1   | 9883 ||| UPGRADING to +1 pair of boots of stealth.
  9931 | Lair:2   | 9931 ||| INVOKING Heroism.
  9966 | Lair:2   | 9966 ||| INVOKING Heroism.
  9971 | Lair:2   | Reached skill level 9 in Fighting
 10044 | Lair:2   | You fall into a shaft and drop 2 floors!
 10045 | Lair:4   | 10045 ||| INVOKING Heroism.
 10058 | Lair:4   | Reached skill level 9 in Armour
 10058 | Lair:4   | Reached XP level 12. HP: 71/76 MP: 19/19
 10112 | Lair:3   | Noticed a death yak
 10112 | Lair:3   | Noticed a death yak
 10112 | Lair:3   | Noticed a death yak
 10113 | Lair:3   | 10113 ||| INVOKING Heroism.
 10113 | Lair:3   | Noticed a death yak
 10113 | Lair:3   | Noticed a death yak
 10113 | Lair:3   | Noticed a death yak
 10114 | Lair:3   | 10114 ||| Stepping ~*~*~tactically~*~*~ (stealth).
 10115 | Lair:3   | 10115 ||| Stepping ~*~*~tactically~*~*~ (stealth).
 10116 | Lair:3   | 10116 ||| INVOKING Finesse.
 10131 | Lair:3   | Killed a death yak
 10138 | Lair:3   | Killed a death yak
 10142 | Lair:3   | Killed a death yak
 10143 | Lair:3   | Reached skill level 12 in Axes
 10149 | Lair:3   | Killed a death yak
 10154 | Lair:3   | Killed a death yak
 10155 | Lair:3   | Reached skill level 3 in Dodging
 10155 | Lair:3   | Killed a death yak
 10313 | Lair:3   | 10313 ||| Stepping ~*~*~tactically~*~*~ (stealth).
 10315 | Lair:3   | 10315 ||| Stepping ~*~*~tactically~*~*~ (stealth).
 10323 | Lair:3   | Identified the +0 buckler "Iguzoebb" {-Tele rElec rN+++
                  | rCorr} (Okawaru gifted it to you on level 3 of the Lair of
                  | Beasts)
 10323 | Lair:3   | Received a gift from Okawaru
 10324 | Lair:3   | Reached skill level 6 in Shields
 10396 | Lair:2   | 10396 ||| Stepping ~*~*~tactically~*~*~ (stealth).
 10397 | Lair:2   | 10397 ||| Stepping ~*~*~tactically~*~*~ (stealth).
 10398 | Lair:2   | 10398 ||| Stepping ~*~*~tactically~*~*~ (stealth).
 10406 | Lair:2   | 10406 ||| Stepping ~*~*~tactically~*~*~ (stealth).
 10414 | Lair:2   | 10414 ||| INVOKING Heroism.
 10468 | Lair:2   | 10468 ||| INVOKING Heroism.
 10523 | Lair:2   | 10523 ||| INVOKING Heroism.
 10564 | Lair:2   | 10564 ||| INVOKING Heroism.
 10668 | Lair:2   | Noticed Urug
 10669 | Lair:2   | 10669 ||| INVOKING Heroism.
 10670 | Lair:2   | 10670 ||| INVOKING Finesse.
 10688 | Lair:2   | 10688 ||| INVOKING Heroism.
 10693 | Lair:2   | Killed Urug
 10787 | Lair:2   | 10787 ||| READING scroll of enchant weapon.
 10787 | Lair:2   | 10787 ||| ENCHANTING +0 vampiric war axe.
 10805 | Lair:2   | Found a staircase to the Shoals.
 10814 | Lair:2   | 10814 ||| Stepping ~*~*~tactically~*~*~ (hiding).
 11277 | Lair:3   | 11277 ||| READING scroll of enchant weapon.
 11277 | Lair:3   | 11277 ||| ENCHANTING +1 vampiric war axe.
 11303 | Lair:3   | Found a runed translucent gate.
 11304 | Lair:3   | Found a runed translucent gate.
 11305 | Lair:3   | Found a runed translucent gate.
 11306 | Lair:3   | Noticed qw's ghost (journeyman GrFi)
 11311 | Lair:3   | 11311 ||| Stepping ~*~*~tactically~*~*~ (stealth).
 11324 | Lair:3   | Reached skill level 3 in Throwing
 11330 | Lair:3   | 11330 ||| INVOKING Heroism.
 11436 | Lair:3   | Noticed Josephine
 11449 | Lair:3   | Killed Josephine
 11450 | Lair:3   | Reached XP level 13. HP: 61/82 MP: 20/20
 11457 | Lair:3   | Noticed Amaemon
 11458 | Lair:3   | 11458 ||| INVOKING Heroism.
 11471 | Lair:3   | Killed Amaemon
 11489 | Lair:3   | 11489 ||| DROPPING -1 demon whip.
 11714 | Lair:3   | 11714 ||| Stepping ~*~*~tactically~*~*~ (hiding).
 11715 | Lair:3   | 11715 ||| INVOKING Heroism.
 11760 | Lair:3   | 11760 ||| SWAPPING to +0 demon whip of venom.
 11761 | Lair:3   | 11761 ||| INVOKING Finesse.
 11768 | Lair:3   | 11768 ||| SWAPPING to +2 vampiric war axe.
 11874 | Lair:3   | Reached skill level 13 in Axes
 11985 | Lair:3   | Found a staircase to the Snake Pit.
 12033 | Lair:3   | Found a viscous altar of Jiyva.
 12215 | Lair:3   | 12215 ||| DROPPING +1 chain mail of poison resistance.
 12239 | Lair:4   | 12239 ||| Stepping ~*~*~tactically~*~*~ (stealth).
 12266 | Lair:4   | 12266 ||| INVOKING Heroism.
 12267 | Lair:4   | 12267 ||| INVOKING Finesse.
 12268 | Lair:4   | 12268 ||| Stepping ~*~*~tactically~*~*~ (stealth).
 12269 | Lair:4   | 12269 ||| Stepping ~*~*~tactically~*~*~ (stealth).
 12275 | Lair:4   | 12275 ||| SWAPPING to +0 demon whip of venom.
 12284 | Lair:4   | 12284 ||| SWAPPING to +2 vampiric war axe.
 12580 | Lair:4   | 12580 ||| Stepping ~*~*~tactically~*~*~ (stealth).
 12695 | Lair:4   | Found a staircase to the Slime Pits.
 12708 | Lair:4   | Found a viscous altar of Jiyva.
 12710 | Lair:4   | 12710 ||| Stepping ~*~*~tactically~*~*~ (stealth).
 12711 | Lair:4   | 12711 ||| Stepping ~*~*~tactically~*~*~ (stealth).
 12712 | Lair:4   | 12712 ||| Stepping ~*~*~tactically~*~*~ (stealth).
 12713 | Lair:4   | 12713 ||| INVOKING Heroism.
 12715 | Lair:4   | 12715 ||| INVOKING Finesse.
 12723 | Lair:4   | 12723 ||| SWAPPING to +0 demon whip of venom.
 12725 | Lair:4   | 12725 ||| Stepping ~*~*~tactically~*~*~ (outnumbered).
 12726 | Lair:4   | 12726 ||| Stepping ~*~*~tactically~*~*~ (outnumbered).
 12730 | Lair:4   | 12730 ||| Stepping ~*~*~tactically~*~*~ (outnumbered).
 12731 | Lair:4   | 12731 ||| Stepping ~*~*~tactically~*~*~ (outnumbered).
 12732 | Lair:4   | 12732 ||| Stepping ~*~*~tactically~*~*~ (outnumbered).
 12733 | Lair:4   | 12733 ||| SWAPPING to +2 vampiric war axe.
 12734 | Lair:4   | 12734 ||| SWAPPING to +0 demon whip of venom.
 12738 | Lair:4   | 12738 ||| Stepping ~*~*~tactically~*~*~ (outnumbered).
 12744 | Lair:4   | 12744 ||| Stepping ~*~*~tactically~*~*~ (outnumbered).
 12752 | Lair:4   | 12752 ||| SWAPPING to +2 vampiric war axe.
 12776 | Lair:4   | 12776 ||| INVOKING Heroism.
 13097 | Lair:5   | Entered Level 5 of the Lair of Beasts
 13100 | Lair:5   | 13100 ||| STAIRDANCE
 13155 | Lair:5   | 13155 ||| INVOKING Heroism.
 13193 | Lair:5   | Reached skill level 14 in Axes
 13193 | Lair:5   | 13193 ||| INVOKING Heroism.
 13209 | Lair:5   | 13209 ||| Stepping ~*~*~tactically~*~*~ (hiding).
 13233 | Lair:5   | 13233 ||| Stepping ~*~*~tactically~*~*~ (hiding).
 13234 | Lair:5   | 13234 ||| Stepping ~*~*~tactically~*~*~ (hiding).
 13245 | Lair:5   | 13245 ||| Stepping ~*~*~tactically~*~*~ (stealth).
 13297 | Lair:5   | 13297 ||| Stepping ~*~*~tactically~*~*~ (stealth).
 13312 | Lair:5   | 13312 ||| Stepping ~*~*~tactically~*~*~ (stealth).
 13314 | Lair:5   | 13314 ||| Stepping ~*~*~tactically~*~*~ (hiding).
 13332 | Lair:5   | 13332 ||| Stepping ~*~*~tactically~*~*~ (stealth).
 13351 | Lair:5   | Noticed a fire dragon
 13353 | Lair:5   | 13353 ||| INVOKING Heroism.
 13354 | Lair:5   | 13354 ||| INVOKING Finesse.
 13369 | Lair:5   | Killed a fire dragon
 13369 | Lair:5   | Received a gift from Okawaru
 13468 | Lair:5   | 13468 ||| INVOKING Heroism.
 13469 | Lair:5   | 13469 ||| INVOKING Finesse.
 13471 | Lair:5   | 13471 ||| SWAPPING to +0 demon whip of venom.
 13480 | Lair:5   | 13480 ||| SWAPPING to +2 vampiric war axe.
 13550 | Lair:5   | 13550 ||| Stepping ~*~*~tactically~*~*~ (stealth).
 13552 | Lair:5   | 13552 ||| INVOKING Heroism.
 13553 | Lair:5   | 13553 ||| Stepping ~*~*~tactically~*~*~ (stealth).
 13664 | Lair:5   | Identified the +11 battleaxe "Kaxothrit" {vorpal, Contam
                  | Fly rF++ MP+9} (Okawaru gifted it to you on level 5 of the
                  | Lair of Beasts)
 13664 | Lair:5   | Received a gift from Okawaru
 13750 | Lair:5   | 13750 ||| INVOKING Heroism.
 13796 | Lair:5   | 13796 ||| INVOKING Heroism.
 13823 | Lair:5   | 13823 ||| Stepping ~*~*~tactically~*~*~ (stealth).
 13879 | Lair:5   | 13879 ||| INVOKING Heroism.
 13886 | Lair:5   | Gained mutation: Your large and strong wings let you fly.
                  | [Gargoyle growth]
 13886 | Lair:5   | Reached XP level 14. HP: 90/90 MP: 19/21
 13896 | Lair:5   | Found a runed translucent door.
 13923 | Lair:5   | 13923 ||| INVOKING Heroism.
 13961 | Lair:5   | 13961 ||| FLEEEEING.
 13962 | Lair:5   | 13962 ||| FLEEEEING.
 13963 | Lair:5   | 13963 ||| FLEEEEING.
 13964 | Lair:5   | 13964 ||| FLEEEEING.
 13965 | Lair:5   | 13965 ||| FLEEEEING.
 13966 | Lair:5   | 13966 ||| FLEEEEING.
 13967 | Lair:5   | 13967 ||| FLEEEEING.
 13968 | Lair:5   | 13968 ||| FLEEEEING.
 13969 | Lair:5   | 13969 ||| FLEEEEING.
 13970 | Lair:5   | 13970 ||| FLEEEEING.
 13971 | Lair:5   | 13971 ||| FLEEEEING.
 13972 | Lair:5   | 13972 ||| FLEEEEING.
 13973 | Lair:5   | 13973 ||| FLEEEEING.
 13974 | Lair:5   | 13974 ||| FLEEEEING.
 13977 | Lair:5   | 13977 ||| FLEEEEING.
 13978 | Lair:5   | 13978 ||| FLEEEEING.
 13979 | Lair:5   | 13979 ||| FLEEEEING.
 13980 | Lair:5   | 13980 ||| FLEEEEING.
 13981 | Lair:5   | 13981 ||| FLEEEEING.
 13983 | Lair:5   | 13983 ||| FLEEEEING.
 13984 | Lair:5   | 13984 ||| FLEEEEING.
 13985 | Lair:5   | 13985 ||| FLEEEEING.
 13986 | Lair:5   | 13986 ||| FLEEEEING.
 13987 | Lair:5   | 13987 ||| FLEEEEING.
 13988 | Lair:5   | 13988 ||| FLEEEEING.
 13989 | Lair:5   | 13989 ||| FLEEEEING.
 13990 | Lair:5   | 13990 ||| FLEEEEING.
 13991 | Lair:5   | 13991 ||| FLEEEEING.
 13992 | Lair:5   | 13992 ||| FLEEEEING.
 13993 | Lair:5   | 13993 ||| INVOKING Heroism.
 14021 | Lair:5   | 14021 ||| Stepping ~*~*~tactically~*~*~ (stealth).
 14022 | Lair:5   | 14022 ||| Stepping ~*~*~tactically~*~*~ (stealth).
 14025 | Lair:5   | 14025 ||| Stepping ~*~*~tactically~*~*~ (stealth).
 14206 | Lair:5   | 14206 ||| FLEEEEING.
 14208 | Lair:5   | 14208 ||| FLEEEEING.
 14212 | Lair:5   | 14212 ||| FLEEEEING.
 14213 | Lair:5   | 14213 ||| FLEEEEING.
 14214 | Lair:5   | 14214 ||| FLEEEEING.
 14215 | Lair:5   | 14215 ||| FLEEEEING.
 14216 | Lair:5   | 14216 ||| FLEEEEING.
 14217 | Lair:5   | 14217 ||| FLEEEEING.
 14218 | Lair:5   | 14218 ||| FLEEEEING.
 14219 | Lair:5   | 14219 ||| FLEEEEING.
 14221 | Lair:5   | 14221 ||| FLEEEEING.
 14222 | Lair:5   | 14222 ||| FLEEEEING.
 14223 | Lair:5   | 14223 ||| FLEEEEING.
 14224 | Lair:5   | 14224 ||| FLEEEEING.
 14225 | Lair:5   | 14225 ||| FLEEEEING.
 14227 | Lair:5   | 14227 ||| INVOKING Heroism.
 14321 | Lair:5   | 14321 ||| INVOKING Heroism.
 14452 | Lair:5   | 14452 ||| INVOKING Heroism.
 14462 | Lair:5   | 14462 ||| Stepping ~*~*~tactically~*~*~ (hiding).
 14463 | Lair:5   | 14463 ||| Stepping ~*~*~tactically~*~*~ (hiding).
 14526 | Lair:5   | 14526 ||| READING scroll labelled BAPYTU PYINT.
 14724 | Lair:4   | 14724 ||| PLANNING D:1-11
 14819 | D:9      | 14819 ||| READING scroll of enchant weapon.
 14819 | D:9      | 14819 ||| ENCHANTING +2 vampiric war axe.
 14824 | D:9      | Noticed Psyche
 14830 | D:9      | Killed Psyche
 14899 | D:9      | Noticed Gastronok
 14901 | D:9      | 14901 ||| INVOKING Heroism.
 14917 | D:9      | Killed Gastronok
 15038 | D:9      | 15038 ||| INVOKING Heroism.
 15043 | D:9      | Reached skill level 6 in Throwing
 15156 | D:9      | 15156 ||| Stepping ~*~*~tactically~*~*~ (stealth).
 15162 | D:9      | 15162 ||| Stepping ~*~*~tactically~*~*~ (stealth).
 15164 | D:9      | 15164 ||| INVOKING Heroism.
 15213 | D:9      | Noticed Joseph
 15230 | D:9      | Killed Joseph
 15328 | D:9      | Noticed Erica
 15329 | D:9      | 15329 ||| Stepping ~*~*~tactically~*~*~ (hiding).
 15333 | D:9      | 15333 ||| INVOKING Heroism.
 15334 | D:9      | 15334 ||| INVOKING Finesse.
 15338 | D:9      | Killed Erica
 15419 | D:9      | 15419 ||| INVOKING Heroism.
 15546 | D:10     | Entered Level 10 of the Dungeon
 15581 | D:10     | Found Kunergh's Magic Scroll Shop.
 15586 | D:10     | 15586 ||| BUYING 2 scrolls of identify (52 gold).
 15586 | D:10     | Bought 2 scrolls of identify for 52 gold pieces
 15586 | D:10     | 15586 ||| BUYING 3 scrolls of enchant weapon (292 gold).
 15586 | D:10     | Bought 3 scrolls of enchant weapon for 292 gold pieces
 15586 | D:10     | 15586 ||| BUYING scroll of identify (26 gold).
 15586 | D:10     | Bought a scroll of identify for 26 gold pieces
 15586 | D:10     | 15586 ||| BUYING scroll of identify (26 gold).
 15586 | D:10     | Bought a scroll of identify for 26 gold pieces
 15586 | D:10     | 15586 ||| BUYING scroll of teleportation (39 gold).
 15586 | D:10     | Bought a scroll of teleportation for 39 gold pieces
 15586 | D:10     | 15586 ||| READING 3 scrolls of enchant weapon.
 15586 | D:10     | 15586 ||| ENCHANTING +3 vampiric war axe.
 15587 | D:10     | 15587 ||| READING 2 scrolls of enchant weapon.
 15587 | D:10     | 15587 ||| ENCHANTING +4 vampiric war axe.
 15588 | D:10     | 15588 ||| READING scroll of enchant weapon.
 15588 | D:10     | 15588 ||| ENCHANTING +5 vampiric war axe.
 15689 | D:10     | 15689 ||| Stepping ~*~*~tactically~*~*~ (hiding).
 15690 | D:10     | 15690 ||| Stepping ~*~*~tactically~*~*~ (hiding).
 15708 | D:10     | 15708 ||| Stepping ~*~*~tactically~*~*~ (stealth).
 15710 | D:10     | 15710 ||| Stepping ~*~*~tactically~*~*~ (stealth).
 15742 | D:10     | 15742 ||| Stepping ~*~*~tactically~*~*~ (stealth).
 15744 | D:10     | 15744 ||| INVOKING Heroism.
 15750 | D:10     | Reached skill level 15 in Axes
 15800 | D:10     | 15800 ||| INVOKING Heroism.
 15836 | D:10     | Found a flagged portal.
 15889 | D:10     | Found a shimmering blue altar of Sif Muna.
 15904 | D:10     | 15904 ||| Stepping ~*~*~tactically~*~*~ (stealth).
 15910 | D:10     | 15910 ||| INVOKING Heroism.
 15942 | D:10     | Found a staircase to the Orcish Mines.
 15959 | D:10     | 15959 ||| Stepping ~*~*~tactically~*~*~ (hiding).
 16178 | D:10     | 16178 ||| READING scroll of enchant armour.
 16178 | D:10     | 16178 ||| ENCHANTING +0 pair of gloves.
 16290 | D:10     | Noticed Fannar
 16292 | D:10     | 16292 ||| DROPPING amulet of guardian spirit.
 16293 | D:10     | 16293 ||| Stepping ~*~*~tactically~*~*~ (hiding).
 16309 | D:10     | 16309 ||| INVOKING Heroism.
 16313 | D:10     | Killed Fannar
 16313 | D:10     | Received a gift from Okawaru
 16413 | D:10     | 16413 ||| SWAPPING to +1 vampiric broad axe.
 16414 | D:10     | 16414 ||| DROPPING +6 vampiric war axe.
 16512 | D:10     | 16512 ||| DROPPING ring of willpower.
 16513 | D:10     | 16513 ||| READING scroll labelled GEASEI IFEMONI.
 16692 | D:11     | 16692 ||| INVOKING Heroism.
 16859 | D:11     | Noticed Erolcha
 16860 | D:11     | 16860 ||| INVOKING Heroism.
 16861 | D:11     | 16861 ||| INVOKING Finesse.
 16871 | D:11     | Killed Erolcha
 16924 | D:11     | 16924 ||| Stepping ~*~*~tactically~*~*~ (hiding).
 16927 | D:11     | 16927 ||| Stepping ~*~*~tactically~*~*~ (hiding).
 17046 | D:11     | Noticed Sonja
 17047 | D:11     | 17047 ||| INVOKING Finesse.
 17050 | D:11     | 17050 ||| Stepping ~*~*~tactically~*~*~ (hiding).
 17051 | D:11     | 17051 ||| Stepping ~*~*~tactically~*~*~ (hiding).
 17055 | D:11     | 17055 ||| Stepping ~*~*~tactically~*~*~ (hiding).
 17078 | D:11     | Killed Sonja
 17080 | D:11     | 17080 ||| Stepping ~*~*~tactically~*~*~ (stealth).
 17171 | D:11     | Noticed Snorg
 17172 | D:11     | 17172 ||| INVOKING Heroism.
 17173 | D:11     | 17173 ||| INVOKING Finesse.
 17188 | D:11     | Killed Snorg
 17189 | D:11     | Reached skill level 12 in Fighting
 17323 | D:11     | 17323 ||| FLEEEEING.
 17326 | D:11     | 17326 ||| FLEEEEING.
 17327 | D:11     | 17327 ||| FLEEEEING.
 17328 | D:11     | 17328 ||| FLEEEEING.
 17331 | D:11     | 17331 ||| FLEEEEING.
 17332 | D:11     | 17332 ||| FLEEEEING.
 17333 | D:11     | 17333 ||| FLEEEEING.
 17334 | D:11     | 17334 ||| FLEEEEING.
 17396 | D:11     | 17396 ||| Stepping ~*~*~tactically~*~*~ (stealth).
 17406 | D:11     | 17406 ||| Stepping ~*~*~tactically~*~*~ (stealth).
 17629 | D:11     | 17629 ||| PLANNING D
 17648 | D:12     | 17648 ||| PLANNING GAUNTLET
 17649 | D:12     | 17649 ||| STAIRDANCE
 17670 | D:12     | Found a gate leading to a gauntlet.
 17679 | Gauntlet | Entered a Gauntlet
 17679 | Gauntlet | Found a transporter.
 17692 | Gauntlet | Found a transporter.
 17703 | Gauntlet | Found a transporter.
 17708 | Gauntlet | Found a transporter.
 17723 | Gauntlet | Found a transporter.
 17743 | Gauntlet | Found a transporter.
 17755 | Gauntlet | Found a transporter.
 17767 | Gauntlet | Found a transporter.
 17773 | Gauntlet | Found a transporter.
 17775 | Gauntlet | Found a transporter.
 17792 | Gauntlet | Found a transporter.
 17804 | Gauntlet | Found a transporter.
 17821 | Gauntlet | Found a transporter.
 17838 | Gauntlet | Found a transporter.
 17840 | Gauntlet | Found a transporter.
 17867 | Gauntlet | Found a transporter.
 17867 | Gauntlet | Found a transporter.
 17897 | Gauntlet | Found a transporter.
 18083 | Gauntlet | 18083 ||| INVOKING Heroism.
 18107 | Gauntlet | Identified the +0 robe of Kaepp {rPois}
 18133 | Gauntlet | 18133 ||| Stepping ~*~*~tactically~*~*~ (hiding).
 18199 | Gauntlet | 18199 ||| DROPPING +0 cloak of poison resistance.
 18200 | Gauntlet | 18200 ||| READING scroll labelled EPSUWUCE OK CEIFAN.
 18213 | Gauntlet | 18213 ||| INVOKING Heroism.
 18214 | Gauntlet | 18214 ||| INVOKING Finesse.
 18224 | Gauntlet | Reached skill level 12 in Armour
 18226 | Gauntlet | Received a gift from Okawaru
 18347 | Gauntlet | Identified the +1 pair of boots of the Harvest {Harm rF+
                  | rN+ Will+}
 18355 | Gauntlet | 18355 ||| Stepping ~*~*~tactically~*~*~ (stealth).
 18356 | Gauntlet | 18356 ||| Stepping ~*~*~tactically~*~*~ (stealth).
 18358 | Gauntlet | 18358 ||| Stepping ~*~*~tactically~*~*~ (hiding).
 18359 | Gauntlet | 18359 ||| INVOKING Heroism.
 18360 | Gauntlet | 18360 ||| INVOKING Finesse.
 18474 | Gauntlet | Found the +8 arc blade {discharge, rElec}
 18496 | Gauntlet | 18496 ||| DROPPING +0 hat of stealth.
 18511 | D:12     | 18511 ||| PLANNING D
 18552 | D:12     | 18552 ||| Stepping ~*~*~tactically~*~*~ (stealth).
 18553 | D:12     | 18553 ||| Stepping ~*~*~tactically~*~*~ (stealth).
 18554 | D:12     | 18554 ||| Stepping ~*~*~tactically~*~*~ (stealth).
 18557 | D:12     | 18557 ||| Stepping ~*~*~tactically~*~*~ (stealth).
 18574 | D:12     | Received a gift from Okawaru
 18601 | D:12     | 18601 ||| Stepping ~*~*~tactically~*~*~ (hiding).
 18602 | D:12     | 18602 ||| Stepping ~*~*~tactically~*~*~ (hiding).
 18603 | D:12     | 18603 ||| Stepping ~*~*~tactically~*~*~ (hiding).
 18604 | D:12     | 18604 ||| Stepping ~*~*~tactically~*~*~ (hiding).
 18606 | D:12     | 18606 ||| Stepping ~*~*~tactically~*~*~ (hiding).
 18614 | D:12     | Reached XP level 15. HP: 96/96 MP: 22/22
 18737 | D:12     | 18737 ||| INVOKING Heroism.
 18978 | D:12     | 18978 ||| Stepping ~*~*~tactically~*~*~ (stealth).
 18980 | D:12     | 18980 ||| Stepping ~*~*~tactically~*~*~ (stealth).
 18985 | D:12     | 18985 ||| Stepping ~*~*~tactically~*~*~ (hiding).
 19130 | D:12     | 19130 ||| Stepping ~*~*~tactically~*~*~ (stealth).
 19273 | D:12     | 19273 ||| Stepping ~*~*~tactically~*~*~ (stealth).
 19274 | D:12     | 19274 ||| Stepping ~*~*~tactically~*~*~ (stealth).
 19276 | D:12     | 19276 ||| Stepping ~*~*~tactically~*~*~ (stealth).
 19280 | D:12     | 19280 ||| INVOKING Heroism.
 19282 | D:12     | 19282 ||| READING 3 scrolls of teleportation.
 19337 | D:12     | 19337 ||| INVOKING Heroism.
 19503 | D:12     | 19503 ||| INVOKING Heroism.
 19508 | D:12     | 19508 ||| READING 2 scrolls of teleportation.
 19633 | D:12     | 19633 ||| Stepping ~*~*~tactically~*~*~ (stealth).
 19634 | D:12     | 19634 ||| Stepping ~*~*~tactically~*~*~ (stealth).
 19635 | D:12     | 19635 ||| Stepping ~*~*~tactically~*~*~ (stealth).
 19638 | D:12     | 19638 ||| INVOKING Heroism.
 19706 | D:12     | 19706 ||| INVOKING Heroism.
 19825 | D:12     | 19825 ||| DROPPING amulet of magic regeneration.
 19832 | D:13     | 19832 ||| STAIRDANCE
 19843 | D:13     | 19843 ||| STAIRDANCE
 19852 | D:12     | Reached skill level 16 in Axes
 19926 | D:13     | Identified a scroll of acquirement
 19931 | D:13     | 19931 ||| READING scroll of acquirement.
 19931 | D:13     | 19931 ||| ACQUIRING +11 plate armour of Wasted Space
                  | {Rampage MP+9 Str+4 Dex-5}
 19931 | D:13     | Acquired the +11 plate armour of Wasted Space {Rampage MP+9
                  | Str+4 Dex-5}
 19933 | D:13     | 19933 ||| DROPPING +0 plate armour of the Buccaneer {Harm
                  | rPois Will+ Str+4}.
 19950 | D:13     | 19950 ||| INVOKING Heroism.
 20134 | D:13     | Found Lungim Hody's Magic Scroll Shop.
 20150 | D:13     | 20150 ||| BUYING scroll of enchant armour (82 gold).
 20150 | D:13     | Bought a scroll of enchant armour for 82 gold pieces
 20150 | D:13     | 20150 ||| BUYING scroll of teleportation (33 gold).
 20150 | D:13     | Bought a scroll of teleportation for 33 gold pieces
 20150 | D:13     | 20150 ||| BUYING scroll of teleportation (33 gold).
 20150 | D:13     | Bought a scroll of teleportation for 33 gold pieces
 20150 | D:13     | 20150 ||| READING scroll of enchant armour.
 20150 | D:13     | 20150 ||| ENCHANTING +1 pair of gloves.
 20255 | D:13     | Identified the +0 robe "Majustroc" {rN+ MP+9 Str+2}
 20374 | D:13     | Noticed Nessos
 20375 | D:13     | 20375 ||| INVOKING Finesse.
 20385 | D:13     | 20385 ||| Stepping ~*~*~tactically~*~*~ (hiding).
 20386 | D:13     | 20386 ||| Stepping ~*~*~tactically~*~*~ (hiding).
 20388 | D:13     | 20388 ||| Stepping ~*~*~tactically~*~*~ (hiding).
 20394 | D:13     | 20394 ||| Stepping ~*~*~tactically~*~*~ (hiding).
 20399 | D:13     | 20399 ||| Stepping ~*~*~tactically~*~*~ (hiding).
 20410 | D:13     | Killed Nessos
 20538 | D:13     | 20538 ||| FLEEEEING.
 20539 | D:13     | 20539 ||| FLEEEEING.
 20650 | D:13     | 20650 ||| Invisible monster not found???
 20776 | D:13     | HP: 18/96 [something/shard of ice (29)]
 20783 | D:13     | HP: 12/96 [something/shard of ice (8)]
 20787 | D:13     | Killed from afar by a deep elf knight

Levels and vault maps discovered:
D:1:      dpeg_arrival_solitude, layout_loops_corners
D:2:      layout_rooms, ebering_ecumenical_altar_ruins, serial_shops,
          nicolae_shop_competitors_out_of_business, shop, uniq_robin
D:3:      layout_rooms, guppyfry_early_orc_mine
D:4:      nicolae_cairo_tiling_large_dashed, layout_layer_cave
D:5:      layout_rooms, minmay_overflow_temple_hex,
          ebering_dispersal_statue_hall, chequers_serial_rivers_small_3,
          minmay_shop_damaged, uniq_duvessa
D:6:      layout_gridville, gammafunk_ghost_cemetery
D:7:      minmay_the_grid_octo_tiled_octocenter [minmay_the_grid_octo_empty,
          minmay_the_grid_octo_vomiting_pacman,
          minmay_the_grid_octo_tetromino_candy, minmay_the_grid_octo_clover,
          minmay_the_grid_octo_prize_ultimate_mussel_roller,
          minmay_the_grid_square_5x5_gyroscope,
          minmay_the_grid_square_5x5_spiral, minmay_the_grid_square_5x5_lines,
          minmay_the_grid_square_5x5_bracketed], layout_loops_corners,
          chequers_serial_rivers_small_b, supply_closet_lemuel
D:8:      layout_cave_pools, lair_entry_dummy, palyth_stone_intersect,
          minmay_manual_mandibuliform, uniq_pikel
D:9:      layout_long_grid, kennysheep_pointless_box, uniq_psyche, uniq_joseph,
          uniq_erica, uniq_gastronok
D:10:     layout_gridville, led_sif_book, david_orc_2, enter_bailey_3,
          serial_shops, shop, nicolae_twisting_strands, uniq_fannar
D:11:     layout_roguey, uniq_erolcha, uniq_sonja, uniq_snorg
D:12:     layout_stronghold, gauntlet_entry_generic
D:13:     layout_stronghold, grunt_vaults_entry_fortified, serial_shops,
          nicolae_inconvenience_store, hangedman_decor_opposing, minivault_12,
          uniq_nessos
Temple:   eino_wide_crystal_templ
Lair:1:   gammafunk_boulding_lane, layout_cave_shapes, columned_hall_lemuel
Lair:2:   layout_gridlike, minmay_shoals_entry_lonely_mermaid, uniq_urug
Lair:3:   layout_regular_city, minmay_snake_entry_guardpost_medium,
          gammafunk_ghost_ooze, serial_bayou_shore_a, uniq_josephine,
          uniq_amaemon
Lair:4:   layout_misc_corridors, slime_entry_1, serial_forest,
          infiniplex_forest_end_3, infiniplex_forest_clump_tiny,
          infiniplex_forest_straight_4, infiniplex_forest_zigzag_2,
          infiniplex_forest_straight_4, infiniplex_forest_diagonal,
          infiniplex_forest_end_2
Lair:5:   guppyfry_lair_end_dragon, layout_big_grid, wormcave

Skill      XL: |  1  2  3  4  5  6  7  8  9 10 11 12 13 14 15 |
---------------+----------------------------------------------+-----
Axes           | 2 3 4 5 6 8 9 10 11 12 14 15 16 | 16.0
Fighting       | 4 6 7 8 9 10 11 12 | 12.1
Dodging        | 1 2 3 4 |  4.0
Armour         | 4 6 7 9 10 12 | 12.0
Invocations    | 3 4 7 10 | 10.0
Throwing       | 1 4 5 6 |  6.8
Shields        | 4 5 6 7 8 |  8.0

Action                   |  1- 3 |  4- 6 |  7- 9 | 10-12 | 13-15 || total
-------------------------+-------+-------+-------+-------+-------++-------
Melee: War axe           |    74 |   187 |   332 |   674 |   581 ||  1848
       Demon whip        |       |       |       |       |    39 ||    39
       Broad axe         |       |       |       |       |   378 ||   378
Throw: Boomerang         |       |       |     5 |    56 |    39 ||   100
       Javelin           |       |       |       |     5 |    93 ||    98
Invok: Heroism           |       |       |    15 |    26 |    40 ||    81
       Finesse           |       |       |       |     4 |    12 ||    16
  Use: Scroll            |     3 |     8 |     9 |     5 |    12 ||    37
       Potion            |     1 |       |     5 |     1 |       ||     7
 Stab: Distracted        |       |       |       |     1 |       ||     1
Armor: Scale mail        |    40 |    37 |       |       |       ||    77
       Plate armour      |       |    69 |   154 |   275 |   456 ||   954
Dodge: Dodged            |    38 |   118 |   168 |   269 |   454 ||  1047
Block: Buckler           |    15 |    46 |    94 |   161 |   246 ||   562

Table legend:
 A = Non-vault XP
 B = Vault XP
 C = Vault XP percentage of total XP
 D = Non-vault monster count
 E = Vault monster count
 F = Vault count percentage of total count
                 A         B        C        D         E       F
            +---------+---------+-------+---------+---------+-------
      Total |   63330 |   37169 |  37.0 |     386 |     139 |  26.5
            +---------+---------+-------+---------+---------+-------
        D:1 |      30 |       0 |   0.0 |      19 |       0 |   0.0
        D:2 |      41 |      36 |  46.8 |      15 |      12 |  44.4
        D:3 |      67 |      17 |  20.2 |      21 |       7 |  25.0
        D:4 |     455 |       0 |   0.0 |      30 |       0 |   0.0
        D:5 |     924 |     216 |  18.9 |      28 |       2 |   6.7
        D:6 |     772 |       0 |   0.0 |      20 |       0 |   0.0
        D:7 |    3759 |    4155 |  52.5 |      27 |      30 |  52.6
        D:8 |     210 |     532 |  71.7 |       1 |       4 |  80.0
        D:9 |    2843 |    3226 |  53.2 |      24 |       4 |  14.3
       D:10 |    4027 |     987 |  19.7 |      24 |      14 |  36.8
       D:11 |    3665 |    2607 |  41.6 |      20 |       3 |  13.0
       D:12 |    8373 |       0 |   0.0 |      36 |       0 |   0.0
       D:13 |    3889 |    3142 |  44.7 |      12 |       4 |  25.0
     Lair:1 |    4941 |       0 |   0.0 |      15 |       0 |   0.0
     Lair:2 |    4677 |    1326 |  22.1 |      20 |       2 |   9.1
     Lair:3 |    8229 |    3722 |  31.1 |      17 |      12 |  41.4
     Lair:4 |   10520 |       0 |   0.0 |      37 |       0 |   0.0
     Lair:5 |    5908 |    9337 |  61.2 |      20 |      27 |  57.4
   Gauntlet |       0 |    7866 | 100.0 |       0 |      18 | 100.0
            +---------+---------+-------+---------+---------+-------
